Selects Advanced Infantry Battlegroup
Selects Artillery Observers
Selects Convert to Ranger Squad
M1918 Browning Automatic Rifles
Selects Designate Assault Position
Selects Ranger Weapon Training
Construct Medical Station
Selects M2A1 105mm Howitzer Emplacement
Selects 155mm Rapid Artillery Barrage
M4(105) Sherman Bulldozer
Construct Weapon Support Center
155mm Rapid Artillery Barrage